 Dungeon Crawl Stone Soup version 0.31-a0-774-g0d66cbabe8 (webtiles) character file.

Game seed: 7023738993411212478

132174 Conn the Sage (level 17, -1/115 HPs)
             Began as an Octopode Fire Elementalist on Sept 17, 2023.
             Was a High Priest of Sif Muna.
             Engulfed by a cloud of flame (12 damage)
             ... on level 3 of the Spider Nest.
             The game lasted 02:11:52 (33707 turns).

Conn the Sage (Octopode Fire Elementalist)         Turns: 33707, Time: 02:11:52

Health: -1/115     AC:  5    Str: 13    XL:     17   Next: 11%
Magic:  26/41      EV: 17    Int: 20    God:    Sif Muna [*****.]
Gold:   1669       SH: 14    Dex: 18    Spells: 7/39 levels left

rFire   + + .        a - staff of fire
rCold   + + +        Z - +2 buckler {rC+}
rNeg    . . .        K - +2 hat
rPois   +            s - amulet "Ejua" {Reflect rElec Int-5 Dex+3 SH+5}
rElec   +            x - ring "Inieskuecosk" {rPois Str+6 Dex+2}
rCorr   +            (no ring)
SInv    +            G - ring of protection from cold
Will    +....        J - ring of magical power
Stlth   ++++         l - ring of wizardry
HPRegen 0.39/turn    y - ring of see invisible
MPRegen 0.27/turn    L - ring of resist corrosion
                     I - +4 ring of slaying

%: reflection, wizardry (x1)
@: resistant, very slightly contaminated, slowed, studying Throwing, very slow
A: almost no armour, amphibious, 8 rings, camouflage 1, gelatinous body 1,
(nimble swimmer 1), tentacles, iridescent scales 1
a: Renounce Religion, Channel Magic, Forget Spell, Divine Exegesis


You were on level 3 of the Spider Nest.
You worshipped Sif Muna.
Sif Muna was extremely pleased with you.
You visited 5 branches of the dungeon, and saw 24 of its levels.
You also visited: Bailey, Gauntlet, Ice Cave and Volcano.

You collected 2409 gold pieces.
You spent 740 gold pieces at shops.

Inventory:

Hand Weapons
 b - the +5 Force Lance {heavy, knockback}
   (You found it on level 3 of the Dungeon)
 S - the +8 whip "Snakebite" {venom, curare, rPois}
   (You found it on level 2 of the Lair of Beasts)

   rPois:     It protects you from poison
Missiles
 k - 4 throwing nets
 O - a curare-tipped dart
Armour
 B - a +2 kite shield
 K - a +2 hat (worn)
 Z - a +2 buckler of cold resistance (worn)
Magical Staves
 a - a staff of fire (weapon)
 V - a staff of conjuration
Jewellery
 e - a ring of wizardry
 l - a ring of wizardry (on tentacle)
 r - the amulet of Zerphib {rF+ Regen+ Str+3}
   (You found it in a Gauntlet)

   [amulet of regeneration]

   Str+3:     It affects your strength (+3).
   rF+:       It protects you from fire.
   Regen+:    It increases your rate of health regeneration.
 s - the amulet "Ejua" (around mantle) {Reflect rElec Int-5 Dex+3 SH+5}
   (You found it on level 5 of the Lair of Beasts)

   [amulet of reflection]

   Reflect:   It reflects blocked missile attacks.
   Int-5:     It affects your intelligence (-5).
   Dex+3:     It affects your dexterity (+3).
   rElec:     It insulates you from electricity.
   SH+5:      It affects your SH (+5).
 x - the ring "Inieskuecosk" (left tentacle) {rPois Str+6 Dex+2}
   (You acquired it on level 1 of the Spider Nest)

   [ring of strength]

   Str+6:     It affects your strength (+6).
   Dex+2:     It affects your dexterity (+2).
   rPois:     It protects you from poison
 y - a ring of see invisible (on tentacle)
 G - a ring of protection from cold (on tentacle)
 I - a +4 ring of slaying (on tentacle)
 J - a ring of magical power (on tentacle)
 L - a ring of resist corrosion (on tentacle)
 R - a ring of positive energy
 Y - the ring "Ites" {Ice rElec Str-3 Int+3 Stlth+}
   (You took it off a reaper in an ice cave)

   [ring of ice]

   Ice:       It enhances your ice magic.
   Str-3:     It affects your strength (-3).
   Int+3:     It affects your intelligence (+3).
   rF-:       It makes you vulnerable to fire.
   rC+:       It protects you from cold.
   rElec:     It insulates you from electricity.
   Stlth+:    It makes you more stealthy.
Wands
 c - a wand of digging (2)
 f - a wand of quicksilver (6)
 v - a wand of roots (23)
 w - a wand of charming (18)
Scrolls
 g - 2 scrolls of noise
 h - a scroll of amnesia
 n - a scroll of brand weapon
 q - 3 scrolls of vulnerability
 t - 3 scrolls of torment
 u - 8 scrolls of teleportation
 z - 3 scrolls of poison
 E - a scroll of blinking
 H - 3 scrolls of enchant weapon
 Q - a scroll of fear
 T - 9 scrolls of identify
 X - a scroll of fog
Potions
 d - 3 potions of might
 i - 6 potions of brilliance
 j - 11 potions of curing
 m - 6 potions of enlightenment
 o - 7 potions of mutation
 p - 3 potions of heal wounds
 C - 6 potions of attraction
 F - 4 potions of magic
 M - 6 potions of haste
 N - a potion of cancellation
 P - 4 potions of lignification
Miscellaneous
 D - a lightning rod (4/4)
 U - a condenser vane


   Skills:
 - Level 10.0 Fighting
 - Level 5.0 Polearms
 - Level 7.1 Dodging
 - Level 6.0 Stealth
 + Level 11.7 Shields
 + Level 11.8 Spellcasting
 - Level 12.1 Conjurations
 - Level 3.0 Hexes
 - Level 5.0 Translocations
 - Level 4.0 Transmutations
 - Level 10.4 Fire Magic
 - Level 7.0 Air Magic
 - Level 5.0 Earth Magic
 + Level 12.2 Invocations


You had 7 spell levels left.
You knew the following spells:

 Your Spells              Type           Power      Damage    Failure   Level
a - Foxfire               Conj/Fire      100%       2x1d9     1%          1
b - Scorch                Fire           100%       2d9       1%          2
c - Inner Flame           Hex/Fire       55%        N/A       1%          3
d - Starburst             Conj/Fire      35%        6d10      4%          6
e - Irradiate             Conj/Tmut      22%        3d19      2%          5
f - Arcjolt               Conj/Air       25%        1d35      1%          5
g - Iskenderun's Mystic   Conj/Tloc      46%        2d10      1%          4
i - Swiftness             Air            39%        N/A       1%          3
j - Hailstorm             Conj/Ice       36%        3d9       1%          3

Your spell library contained the following spells:

 Spells                   Type           Power      Damage    Failure   Level
 Apportation              Tloc           62%        N/A       1%          1
 Kiss of Death            Conj/Necr      100%       2d13      1%          1
 Jinxbite                 Hex            46%        N/A       1%          2
 Lesser Beckoning         Tloc           62%        N/A       1%          2
 Momentum Strike          Conj/Tloc      92%        3d10      1%          2
 Passwall                 Tmut/Erth      24%        N/A       1%          2
 Poisonous Vapours        Pois/Air       50%        N/A       1%          2
 Searing Ray              Conj           100%       2d8       1%          2
 Static Discharge         Conj/Air       100%       2-7/arc   1%          2
 Gell's Gravitas          Tloc           31%        N/A       1%          3
 Ignite Poison            Fire/Tmut/Pois 46%        N/A       1%          3
 Teleport Other           Tloc           31%        N/A       1%          3
 Volatile Blastmotes      Fire/Tloc      100%       2d18      1%          3
 Flame Wave               Conj/Fire      71%        2d16      1%          4
 Fulminant Prism          Conj/Hex       21%        3d12      1%          4
 Sticky Flame             Conj/Fire      71%        2d8       1%          4
 Fireball                 Conj/Fire      35%        3d15      1%          5
 Iskenderun's Battlesphe  Conj           57%        2d11      1%          5
 Necrotise                Necr           44%        1d6       2%          1
 Ensorcelled Hibernation  Hex/Ice        34%        N/A       2%          2
 Tukima's Dance           Hex            23%        N/A       2%          3
 Vhi's Electric Charge    Tloc/Air       70%        N/A       2%          4
 Passage of Golubria      Tloc           31%        N/A       3%          4
 Sublimation of Blood     Necr           11%        N/A       4%          2
 Petrify                  Tmut/Erth      29%        N/A       4%          4
 Dimensional Bullseye     Hex/Tloc       13%        N/A       5%          4
 Leda's Liquefaction      Hex/Erth       13%        N/A       5%          4
 Frozen Ramparts          Ice            22%        1d4       9%          3
 Lee's Rapid Deconstruct  Erth           15%        3d10*     10%         5
 Silence                  Hex/Air        15%        N/A       10%         5
 Leda's Unmaking          Conj/Erth      23%        9d4       12%         6
 Plasma Beam              Fire/Air       31%        2x1d44    12%         6
 Summon Ice Beast         Ice/Summ       11%        N/A       26%         4
 Alistair's Intoxication  Tmut/Pois      12%        N/A       32%         5
 Spellforged Servitor     Conj/Summ      18%        N/A       86%         7
 Simulacrum               Ice/Necr       5%         N/A       98%         6
 Summon Cactus Giant      Summ           5%         N/A       98%         6
 Lehudib's Crystal Spear  Conj/Erth      23%        10d6      99%         8
 Chain Lightning          Conj/Air       25%        3d33      100%        9
 Death's Door             Necr           5%         N/A       100%        9
 Fire Storm               Conj/Fire      35%        8d9       100%        9


Dungeon Overview and Level Annotations

Branches:
Dungeon (13/15)            Temple (1/1) D:7            Lair (5/5) D:11
  Swamp (0/4) Lair:2       Spider (3/4) Lair:3        Slime (0/5) Lair:5
    Orc (2/2) D:12            Elf (0/3) Orc:2        Vaults (0/5) D:13
 Bailey (visited)           IceCv (visited)         Volcano (visited)
Gauntlet (visited)

Altars:
Ashenzari
Cheibriados
Dithmenos
Elyvilon
Fedhas
Gozag
Hepliaklqana
Kikubaaqudgha
Makhleb
Nemelex Xobeh
Okawaru
Qazlal
Ru
Sif Muna
Trog
Uskayaw
Vehumet
Wu Jian
Xom
Yredelemnul
Zin
The Shining One
Jiyva

Shops:
D:4 *   Orc:1 (   Orc:2 ((!*

Portals:
Trove: D:12 (give 12 potions of heal wounds)

Annotations:
D:6 exclusion: statue
D:13 Jorgrun
Spider:2 Dnvifnvgi's ghost, adept MiFi


Innate Abilities, Weirdness & Mutations

You cannot wear most types of armour.
You are amphibious.
You can wear up to eight rings at the same time.
Your skin changes colour to match your surroundings (Stealth+).
Your rubbery body absorbs attacks. (AC +1, EV +1)
((You are camouflaged when in or above water. (Stealth+)))
You have tentacles for arms and can constrict up to eight enemies at once.
You are partially covered in iridescent scales. (AC +2)


Message History

Unknown command.
Unknown command.
Unknown command.
Okay, then.
Unknown command.
Unknown command.
Unknown command.
Blink to where?
Press: ? - help, Dir - move target 3 redbacks and a steelbarb worm come into view.
As you read the scroll of blinking, it crumbles to dust.
You feel less invigorated.
The jumping spider leaps!
The culicivora chitters at the wolf spider.
The wolf spider is healed somewhat.
The wolf spider rages.
The jumping spider closely misses you. The jumping spider misses you.
The wolf spider rages.
The demonic crawler rages.
You block the jumping spider's attack. The jumping spider bites you.
* * * LOW HITPOINT WARNING * * *
Unknown command.
Unknown command.
Unknown command.
Casting: Starburst (dangerous; 4% risk of failure)
Confirm with . or Enter, or press ? or * to list all spells.
Casting: Starburst (dangerous; 4% risk of failure)
Press: ? - help, Dir - look around, f - activate You feel a surge of power!
The bolt of fire hits the jumping spider!!
Sif Muna accepts your kill.
The bolt of fire hits the torpor snail!!!
The torpor snail is almost dead.
The bolt of fire misses the wolf spider.
The bolt of fire hits the wolf spider!!
Flame seeps out of the wolf spider.
The wolf spider is almost dead.
The bolt of fire misses the tarantella.
The jumping spider explodes!
The fiery explosion engulfs you! You resist.
* * * LOW HITPOINT WARNING * * *
You are engulfed in blazing flames.
You resist.
You die...

s.#^.##.....#.#.
#..#.....#......
....s..ss..#.##
#y.#s#s .w.
#.....ss......#
......#^.#.#...
##.....s#...#
#..## #..#.#..
.. #@§§$# #. .
#...§§§.....
........#...#..
#......#....#
.s..s#. . ...#
..#sw.. .....# #
^. .. .. ....
.#.... ..#.#.#


You could see a steelbarb worm (asleep), a torpor snail, a demonic crawler
(berserk), 2 wolf spiders, a moth of wrath (inner flame), 3 culicivoras, 2
tarantellas and 3 redbacks.

Vanquished Creatures
  Rupert (Spider:1)
  2 orc warlords
  A reaper (IceCv)
  An ironbound thunderhulk (D:13)
  Nessos (Lair:5)
  The ghost of lis82 the Cleaver, a journeyman DgAE (D:13)
  Josephine (D:11)
  A fire dragon (Lair:1)
  An ettin (Orc:2)
  A great orb of eyes (Gauntlet)
  2 entropy weavers
  4 hydras
  A vault guard (D:13)
  A jorogumo (Spider:1)
  2 boulder beetles
  2 centaur warriors (D:13)
  A catoblepas (D:10)
  3 two-headed ogres
  12 demonic crawlers
  Urug (D:11)
  7 orc high priests (Orc:2)
  Sonja (D:11)
  4 pharaoh ants
  A skyshark (Lair:2)
  A sun moth (Spider:1)
  2 skeletal warriors (Volcano)
  2 orb spiders (Spider:2)
  2 steelbarb worms
  12 wolf spiders
  Pikel (D:9)
  An ugly thing (Gauntlet)
  3 cyclopes
  A moth of wrath (D:6)
  A manticore (D:12)
  8 elephants
  12 black mambas
  A guardian serpent (Lair:5)
  23 cane toads
  2 torpor snails
  2 ice statues (IceCv)
  3 gargoyles (Volcano)
  4 rime drakes
  Jeremiah (D:8)
  A freezing wraith (IceCv)
  An unseen horror (D:11)
  An anaconda simulacrum (IceCv)
  14 komodo dragons
  A kobold demonologist (D:11)
  6 ice devils (IceCv)
  5 trolls
  12 polar bears
  2 tyrant leeches (Lair:2)
  17 tarantellas
  22 blink frogs
  3 hornets (Lair:5)
  2 harpy skeletons (Volcano)
  A raiju (Lair:5)
  5 dream sheep
  6 culicivoras
  2 shadows
  6 wraiths (D:11)
  13 jumping spiders
  3 flying skulls (Volcano)
  5 slime creatures
  79 yaks
  14 wyverns
  Eustachio (D:5)
  Grum (D:8)
  3 steam dragons
  A human (D:13)
  8 basilisks
  41 redbacks
  14 wargs
  5 vampire mosquitoes
  6 acid dragons
  16 hell hounds (Lair:5)
  40 water moccasins
  2 hydra simulacra (IceCv)
  12 orc warriors
  2 ice beasts
  A sky beast (D:7)
  15 black bears
  39 wolves
  3 ogres
  A lemure (D:9)
  A phantom (D:7)
  3 kobold brigands
  Blork the orc (D:5)
  3 gnoll sergeants (D:7)
  9 bullfrogs
  A cane toad simulacrum (IceCv)
  4 scorpions
  2 two-headed ogre simulacra (IceCv)
  5 wights
  2 elephant simulacra (IceCv)
  17 killer bees
  A howler monkey (D:9)
  A troll skeleton (Volcano)
  7 jellies
  29 orc priests
  3 hounds
  A sleepcap (D:7)
  4 iguanas
  14 orc wizards
  A polar bear simulacrum (IceCv)
  3 spriggan simulacra (IceCv)
  2 troll simulacra (IceCv)
  2 wolf simulacra (IceCv)
  A naga skeleton (Volcano)
  8 gnolls
  10 adders
  2 naga simulacra (IceCv)
  2 shadow imps
  3 white imps (IceCv)
  3 ufetubi
  2 worms (D:6)
  3 dart slugs
  66 orcs
  10 ball pythons
  11 endoplasms
  3 giant cockroaches (D:3)
  9 goblins
  8 hobgoblins
  3 jackals (D:5)
  23 kobolds
  3 quokkas
  7 bats
  5 frilled lizards
  8 rats
  2 butterflies (D:4)
875 creatures vanquished.

Vanquished Creatures (collateral kills)
  8 foxfires
8 creatures vanquished.

Vanquished Creatures (others)
  A spriggan skeleton (Volcano)
  An orc (D:8)
  1732 foxfires
  9 fulminant prisms
1743 creatures vanquished.

Grand Total: 2626 creatures vanquished

Notes
Turn   | Place    | Note
-------+----------+-------------------------------------------
     0 | D:1      | Conn the Octopode Fire Elementalist began the quest for the
                  | Orb.
     0 | D:1      | Reached XP level 1. HP: 11/11 MP: 3/3
   269 | D:1      | Reached XP level 2. HP: 17/17 MP: 1/5
   789 | D:1      | Reached XP level 3. HP: 21/21 MP: 3/6
  2208 | D:3      | Found the +5 Force Lance {heavy, knockback}
  2317 | D:3      | Reached XP level 4. HP: 16/27 MP: 7/7
  2448 | D:3      | Found a faded altar of an unknown god.
  2740 | D:3      | Found a shadowy altar of Dithmenos.
  2740 | D:3      | Found an iron altar of Okawaru.
  2763 | D:3      | Reached XP level 5. HP: 27/31 MP: 4/9
  2990 | D:3      | Learned a level 2 spell: Scorch
  2994 | D:3      | Learned a level 3 spell: Inner Flame
  3073 | D:4      | Found a sparkling altar of Nemelex Xobeh.
  3147 | D:4      | Found Vaheoc's Assorted Antiques.
  3155 | D:4      | Bought a scroll labelled BEREOCOJOSM for 32 gold pieces
  3155 | D:4      | Bought a scroll labelled HUTOKEPTIZ for 32 gold pieces
  3155 | D:4      | Bought a scroll labelled QUTSUN MAR LIURA for 32 gold
                  | pieces
  3190 | D:4      | Found a shimmering altar of Xom.
  4638 | D:5      | Entered Level 5 of the Dungeon
  4642 | D:5      | Noticed Blork the orc
  4650 | D:5      | Killed Blork the orc
  4651 | D:5      | Reached skill level 1 in Polearms
  4651 | D:5      | Reached XP level 6. HP: 37/37 MP: 3/10
  4742 | D:5      | Noticed an ice beast
  4753 | D:5      | Reached skill level 1 in Fighting
  4753 | D:5      | Reached XP level 7. HP: 32/43 MP: 0/17
  5175 | D:5      | Noticed Eustachio
  5180 | D:5      | Killed Eustachio
  5181 | D:5      | Reached XP level 8. HP: 48/48 MP: 12/19
  5279 | D:5      | Learned a level 4 spell: Flame Wave
  5752 | D:6      | Reached skill level 5 in Stealth
  5969 | D:6      | Noticed a moth of wrath
  5972 | D:6      | Found a bloodstained altar of Trog.
  5976 | D:6      | Killed a moth of wrath
  6356 | D:6      | Found an ancient bone altar of Kikubaaqudgha.
  6498 | D:6      | Found a radiant altar of Vehumet.
  6547 | D:6      | Identified the +8 dagger of Uhoakk {flame, *Slow rElec rC+}
  6607 | D:6      | Reached XP level 9. HP: 54/54 MP: 15/20
  7186 | D:7      | Found a staircase to the Ecumenical Temple.
  7193 | Temple   | Entered the Ecumenical Temple
  7198 | Temple   | Became a worshipper of Sif Muna the Loreminder
  7538 | D:7      | Reached skill level 1 in Invocations
  7548 | D:7      | Reached XP level 10. HP: 30/63 MP: 0/21
  7652 | D:7      | Reached skill level 1 in Shields
  8418 | D:7      | Reached * piety under Sif Muna
  8484 | D:7      | Found a basalt altar of Yredelemnul.
  8743 | D:8      | Noticed Jeremiah
  8913 | D:8      | Killed Jeremiah
  9124 | D:8      | Found a flagged portal.
  9132 | Bailey   | Entered a bailey
  9270 | Bailey   | Noticed an orc warlord
  9350 | Bailey   | Reached ** piety under Sif Muna
  9511 | Bailey   | Found a runed translucent gate.
  9513 | Bailey   | Found a runed translucent gate.
  9514 | Bailey   | Found a runed translucent gate.
  9748 | Bailey   | Killed an orc warlord
  9749 | Bailey   | Reached XP level 11. HP: 68/68 MP: 8/23
 10035 | D:8      | Reached XP level 12. HP: 74/74 MP: 24/24
 10056 | D:8      | Noticed Grum
 10066 | D:8      | Killed Grum
 10671 | D:9      | Noticed Pikel
 10676 | D:9      | Killed Pikel
 10677 | D:9      | Reached skill level 5 in Dodging
 10677 | D:9      | Reached skill level 1 in Hexes
 11321 | D:10     | Entered Level 10 of the Dungeon
 11413 | D:10     | Found an opulent altar of Gozag.
 11425 | D:10     | Found a sacrificial altar of Ru.
 11589 | D:10     | Found a snail-covered altar of Cheibriados.
 11609 | D:10     | Reached skill level 5 in Invocations
 11609 | D:10     | Reached *** piety under Sif Muna
 12018 | D:10     | Noticed a boulder beetle
 12018 | D:10     | Noticed a catoblepas
 12029 | D:10     | Killed a catoblepas
 12106 | D:11     | Noticed Josephine
 12118 | D:11     | Killed Josephine
 12119 | D:11     | Reached skill level 10 in Shields
 12145 | D:11     | Noticed a boulder beetle
 12179 | D:11     | Learned a level 5 spell: Irradiate
 12195 | D:11     | Found a gate leading to a gauntlet.
 12204 | Gauntlet | Entered a Gauntlet
 12204 | Gauntlet | Noticed a thrashing horror
 12204 | Gauntlet | Found a transporter.
 12204 | Gauntlet | Found a transporter.
 12215 | Gauntlet | Noticed a thrashing horror
 12255 | Gauntlet | Found a transporter.
 12265 | Gauntlet | Found a transporter.
 12280 | Gauntlet | Found a transporter.
 12290 | Gauntlet | Found a transporter.
 12305 | Gauntlet | Found a transporter.
 12311 | Gauntlet | Found a transporter.
 12332 | Gauntlet | Found a transporter.
 12332 | Gauntlet | Found a transporter.
 12332 | Gauntlet | Noticed a great orb of eyes
 12333 | Gauntlet | Found a transporter.
 12334 | Gauntlet | Found a transporter.
 12567 | Gauntlet | Gained mutation: You are partially covered in iridescent
                  | scales. (AC +2) [potion of mutation]
 12583 | Gauntlet | Paralysed by a great orb of eyes for 2 turns
 12588 | Gauntlet | Killed a great orb of eyes
 12592 | Gauntlet | Reached skill level 1 in Transmutations
 12601 | Gauntlet | Identified the amulet of Zerphib {rF+ Regen+ Str+3}
 12608 | Gauntlet | Identified the +3 pair of gloves of Fyafoh {Will+}
 12745 | Gauntlet | Noticed a minotaur
 12918 | D:11     | Noticed Sonja
 12924 | D:11     | Killed Sonja
 12925 | D:11     | Reached XP level 13. HP: 81/81 MP: 17/25
 13228 | D:11     | Reached skill level 5 in Polearms
 13385 | D:11     | Noticed Urug
 13398 | D:11     | Killed Urug
 13401 | D:11     | Reached skill level 5 in Fighting
 13645 | D:11     | Found a staircase to the Lair.
 13804 | D:11     | Learned a level 6 spell: Leda's Unmaking
 13896 | Lair:1   | Entered Level 1 of the Lair of Beasts
 14006 | Lair:1   | Reached skill level 1 in Earth Magic
 14456 | Lair:1   | Noticed a fire dragon
 14533 | Lair:1   | Reached **** piety under Sif Muna
 14732 | Lair:1   | Learned a level 4 spell: Iskenderun's Mystic Blast
 15211 | Lair:1   | Killed a fire dragon
 15454 | Lair:1   | Learned a level 4 spell: Fulminant Prism
 15595 | Lair:2   | Reached skill level 10 in Fire Magic
 15995 | Lair:2   | Reached XP level 14. HP: 82/89 MP: 17/27
 16426 | Lair:2   | Found a staircase to the Swamp.
 17348 | Lair:2   | Reached ***** piety under Sif Muna
 17411 | Lair:2   | Found the +8 whip "Snakebite" {venom, curare, rPois}
 17785 | Lair:3   | Found a hole to the Spider Nest.
 17789 | Lair:3   | Reached skill level 5 in Earth Magic
 17794 | Lair:3   | Received a gift from Sif Muna
 17795 | Lair:3   | Got glistering book {god gift}
 17992 | Lair:3   | Found a dark tunnel.
 18000 | Volcano  | Entered a volcano
 18104 | Volcano  | Learned a level 5 spell: Arcjolt
 18108 | Volcano  | Learned a level 3 spell: Swiftness
 18187 | Volcano  | Reached skill level 1 in Air Magic
 19311 | Lair:4   | Reached skill level 5 in Air Magic
 20720 | Lair:5   | Entered Level 5 of the Lair of Beasts
 20860 | Lair:5   | Reached skill level 10 in Conjurations
 20869 | Lair:5   | Reached XP level 15. HP: 85/96 MP: 6/28
 21719 | Lair:5   | Noticed Nessos
 21720 | Lair:5   | Found a runed translucent door.
 21771 | Lair:5   | Got a gaudy book
 21861 | Lair:5   | Identified the amulet "Ejua" {Reflect rElec Int-5 Dex+3
                  | SH+5}
 21888 | Lair:5   | Reached skill level 10 in Spellcasting
 21945 | Lair:5   | Killed Nessos
 21946 | Lair:5   | Reached skill level 1 in Translocations
 23376 | Lair:5   | Found a viscous altar of Jiyva.
 23376 | Lair:5   | Found a staircase to the Slime Pits.
 23500 | Lair:5   | Received a gift from Sif Muna
 23502 | Lair:5   | Got shiny book {god gift}
 23734 | Lair:5   | Reached skill level 10 in Invocations
 24450 | D:12     | Found a frozen archway.
 24601 | IceCv    | Entered an ice cave
 25206 | IceCv    | Identified the ring "Ites" {Ice rElec Str-3 Int+3 Stlth+}
 25235 | IceCv    | Reached skill level 5 in Translocations
 25722 | IceCv    | Learned a level 3 spell: Hailstorm
 25731 | IceCv    | Learned a level 6 spell: Starburst
 26029 | D:12     | Found a portal to a secret trove of treasure.
 26358 | D:12     | Found a viscous altar of Jiyva.
 26387 | D:12     | Found a staircase to the Orcish Mines.
 26647 | D:13     | Found a runed translucent door.
 26686 | D:13     | Noticed lis82's ghost (journeyman DgAE)
 26960 | D:13     | Killed lis82's ghost
 26961 | D:13     | Reached XP level 16. HP: 47/106 MP: 9/30
 27086 | D:13     | Noticed Jorgrun
 27273 | D:13     | Found a gate to the Vaults.
 27352 | Orc:1    | Entered Level 1 of the Orcish Mines
 27467 | Orc:2    | Entered Level 2 of the Orcish Mines
 27496 | Orc:2    | Found a staircase to the Elven Halls.
 27593 | Orc:1    | Received a gift from Sif Muna
 27594 | Orc:1    | Got blackened book {god gift}
 27608 | Orc:1    | Found Wedat's Antique Weapon Boutique.
 28174 | Orc:1    | You fall into a shaft and drop 1 floor!
 28480 | Orc:2    | Found Car Giy's Antique Weapon Shoppe.
 28480 | Orc:2    | Found Suumauwuss's Weapon Boutique.
 28799 | Orc:2    | Found Xaucroi's Distillery.
 28799 | Orc:2    | Found Nemun's General Store.
 28804 | Orc:2    | Bought a potion of heal wounds for 70 gold pieces
 28804 | Orc:2    | Bought a potion of heal wounds for 70 gold pieces
 28804 | Orc:2    | Bought 2 potions of lignification for 84 gold pieces
 29223 | Orc:2    | Bought a ring of wizardry for 420 gold pieces
 29472 | Spider:1 | Entered Level 1 of the Spider Nest
 30424 | Spider:1 | Noticed Rupert
 30438 | Spider:1 | Killed Rupert
 30471 | Spider:1 | Received a gift from Sif Muna
 31199 | Spider:1 | Identified a scroll of acquirement
 31199 | Spider:1 | Acquired the ring "Inieskuecosk" {rPois Str+6 Dex+2}
 32133 | Spider:2 | Found a large runed translucent door.
 32134 | Spider:2 | Found a large runed translucent door.
 32138 | Spider:2 | Noticed Dnvifnvgi's ghost (adept MiFi)
 32677 | Spider:2 | Reached skill level 10 in Fighting
 32795 | Spider:2 | Reached XP level 17. HP: 115/115 MP: 26/32
 33060 | Spider:2 | Identified the +3 dagger "Ruhotest" {heavy, Int+2}
 33707 | Spider:3 | Engulfed by a cloud of flame

Illustrated notes

Levels and vault maps discovered:
D:1:      scummos_arrival_simple_fountains, layout_loops_cross, nrook_uturn
D:2:      layout_loops_ring, serial_bayou_crossing
D:3:      layout_basic, gammafunk_temple_overflow_statue,
          nicolae_ecumenical_snake_handling, chequers_serial_rivers_micro_a
D:4:      layout_layer_cave, xom_butterflies, nemelex_dance_club_becter,
          serial_shops, shop
D:5:      layout_cave_pods, uniq_blork_the_orc, uniq_eustachio
D:6:      layout_loops_corners, vehumet_statue, lemuel_round_altar, tgw_trog
D:7:      nzn_winding_woodlands_medium [nzn_winding_woodlands_5x5_cross,
          nzn_winding_woodlands_5x15_longhouse,
          nzn_winding_woodlands_5x5_open_star,
          nzn_winding_woodlands_5x5_closed_star,
          nzn_winding_woodlands_center_pierced_h,
          nzn_winding_woodlands_5x5_checkerboard,
          nzn_winding_woodlands_5x5_three, nzn_winding_woodlands_5x15_crooked,
          nzn_winding_woodlands_5x5_perimeter], layout_basic,
          overflow_temple_1_default, temple_green
D:8:      layout_basic, enter_bailey_3, uniq_jeremiah, uniq_grum
D:9:      layout_roguey, uniq_pikel
D:10:     minmay_shrinking_squares, layout_layer_cave,
          mainiacjoe_overflow_small_starburst, grunt_gozag_statues,
          mainiacjoe_overflow_paths
D:11:     layout_roguey, erik_lair_dragon, gauntlet_entry_generic, uniq_sonja,
          uniq_urug, uniq_josephine
D:12:     layout_loops_ring, minmay_orc_entry_guard_dogs, portal_ice_cave_rime,
          enter_trove_6, jiyva_altar_1
D:13:     layout_long_grid, hellmonk_vaults_keyhole,
          hellmonk_ghost_happy_afterlife, nrook_pool_corridor, uniq_jorgrun
Temple:   nicolae_temple_ecumenical_triangle
Lair:1:   dragon1_lemuel, layout_gridlike, st_stairs_3, minivault_24
Lair:2:   minmay_guarded_unrand_snakebite, layout_cave_pods,
          minmay_swamp_entry_worms, beast_lair_carwin_3, serial_bayou_shore_b,
          grunt_megastairs_2
Lair:3:   layout_roguey, spider_nest_entry_funnel_web,
          nicolae_volcano_entry_hallway, nicolae_quartered_pool_super
Lair:4:   layout_cellular_growth
Lair:5:   hangedman_lair_tendril_chambers, layout_regular_city,
          hangedman_lair_caniforms_friends, slime_entry_2, columned_hall_lemuel,
          kennysheep_basilisk_garden, uniq_nessos
Spider:1: layout_spider_delve, worms_lemuel, uniq_rupert
Spider:2: layout_spider_delve, ebering_ghost_disaster_area
Spider:3: layout_spider_delve
Orc:1:    layout_diamond_mine, serial_shops, shop, nicolae_orc_tapped_out
Orc:2:    st_orc_town, layout_diamond_mine

Skill      XL: |  1  2  3  4  5  6  7  8  9 10 11 12 13 14 15 16 17 |
---------------+----------------------------------------------------+-----
Stealth        | 3 4 5 6 |  6.0
Conjurations   | 2 7 8 9 10 11 12 | 12.1
Dodging        | 3 4 5 6 7 |  7.1
Polearms       | 1 2 3 4 5 |  5.0
Spellcasting   | 3 7 8 9 10 11 | 11.8
Fighting       | 1 2 3 4 5 6 8 10 | 10.0
Fire Magic     | 8 9 10 | 10.4
Invocations    | 1 4 6 7 9 10 11 12 | 12.2
Shields        | 3 9 10 11 | 11.7
Hexes          | 3 |  3.0
Transmutations | 1 4 |  4.0
Earth Magic    | 3 5 |  5.0
Air Magic      | 7 |  7.0
Translocations | 5 |  5.0

Action                     |  1- 3 |  4- 6 |  7- 9 | 10-12 | 13-15 | 16-18 || total
---------------------------+-------+-------+-------+-------+-------+-------++-------
  Melee: Unarmed           |     2 |       |       |       |       |       ||     2
         Constrict         |     5 |     3 |     5 |     4 |    15 |    25 ||    57
         Tentacles         |     2 |     4 |     4 |     7 |    30 |    26 ||    73
         Short sword       |    13 |       |       |       |       |       ||    13
         Lance             |     6 |    27 |       |     6 |     7 |       ||    46
         Staff             |       |     1 |    19 |    12 |    91 |    89 ||   212
         Punch             |       |       |       |       |     2 |     1 ||     3
  Throw: Dart              |       |       |       |     1 |     2 |       ||     3
   Cast: Foxfire           |    67 |    51 |    94 |   155 |   460 |   164 ||   991
         Scorch            |       |     6 |    27 |    85 |   303 |    79 ||   500
         Inner Flame       |       |       |     5 |    21 |    29 |     8 ||    63
         Flame Wave        |       |       |     5 |    27 |   138 |       ||   170
         Iskenderun's Myst |       |       |       |       |    32 |    26 ||    58
         Irradiate         |       |       |       |       |     9 |     2 ||    11
         Fulminant Prism   |       |       |       |       |     9 |       ||     9
         Arcjolt           |       |       |       |       |     4 |     4 ||     8
         Swiftness         |       |       |       |       |     2 |       ||     2
         Starburst         |       |       |       |       |    20 |   135 ||   155
         Hailstorm         |       |       |       |       |       |    13 ||    13
 Invoke: Channel Magic     |       |       |       |     2 |     9 |     9 ||    20
  Evoke: Wand              |       |       |     1 |     6 |     1 |       ||     8
         Lightning rod     |       |       |       |       |     3 |       ||     3
    Use: Scroll            |       |     9 |     2 |    10 |    10 |     7 ||    38
         Potion            |       |     1 |     6 |     7 |     5 |     4 ||    23
   Stab: Sleeping          |     3 |     4 |     1 |     1 |     2 |       ||    11
 Armour: Skin              |    11 |    14 |    25 |    52 |   318 |   140 ||   560
  Dodge: Dodged            |    25 |    14 |    29 |    41 |   199 |   134 ||   442
  Block: Kite shield       |       |       |       |    35 |   269 |       ||   304
         Buckler           |       |       |       |       |     8 |   120 ||   128

Table legend: (Time is in decaauts)
 A = Elapsed time spent in this place.
 B = Non-inter-level travel time spent in this place.
 C = Inter-level travel time spent in this place.
 D = Time resting spent in this place.
 E = Time spent auto-exploring this place.
 F = Levels seen in this place.
 G = Mean time per level.
                   A        B        C        D        E       F      G
               +--------+--------+--------+--------+--------+-----+--------+
         Total |  33748 |  32817 |    931 |   3560 |  20913 |  28 | 1205.3 |
       Dungeon |  14740 |  14220 |    520 |   1124 |  10123 |  13 | 1133.8 |
        Temple |     11 |     11 |      0 |      0 |      0 |   1 |   11.0 |
          Lair |   9491 |   9241 |    250 |    742 |   6082 |   5 | 1898.2 |
   Spider Nest |   4235 |   4117 |    118 |    500 |   2743 |   3 | 1411.7 |
  Orcish Mines |   1966 |   1924 |     42 |    260 |    936 |   2 |  983.0 |
        Bailey |    792 |    792 |      0 |    180 |    344 |   1 |  792.0 |
      Ice Cave |   1296 |   1296 |      0 |    374 |    507 |   1 | 1296.0 |
       Volcano |    634 |    634 |      0 |    267 |      0 |   1 |  634.0 |
      Gauntlet |    580 |    580 |      0 |    113 |    178 |   1 |  580.0 |
               +--------+--------+--------+--------+--------+-----+--------+

Top non-repeatable levels by time:
  Lair:5: 3342 daAuts
Spider:1: 2524 daAuts
  Lair:2: 2104 daAuts
     D:7: 1816 daAuts
Spider:2: 1691 daAuts
    D:11: 1641 daAuts
     D:4: 1596 daAuts
  Lair:4: 1526 daAuts
  Lair:1: 1376 daAuts
   Orc:2: 1302 daAuts
   IceCv: 1296 daAuts
     D:6: 1259 daAuts
     D:1: 1244 daAuts
  Lair:3: 1142 daAuts
     D:5: 1106 daAuts
